Map: Winter's Gate LE

Players

Mez

  • Race: Terran Terran
  • League: Master
  • Spawn Location: 5:00

Rocck - Winner!

  • Race: Zerg Zerg
  • League: Diamond
  • Spawn Location: 11:00

VOD

Have the link to the VOD?

Description

Time

  • Played on: Aug. 21, 2019, 2:21 p.m.
  • Length: 7:38
Show
View Real Time Build Order
Export as new Build Order

Mez Terran 

Build Orders: Liberator Opening, Reaper Expand 

Get SALT Encoding   

  12  0:00  SCV  
  13  0:13  SCV  
  14  0:17  Supply Depot  
  14  0:25  SCV  
  15  0:39  SCV  
  15  0:41  Barracks  
  16  0:45  Refinery  
  16  0:51  SCV  
  17  1:03  SCV  
  18  1:16  SCV  
  19  1:28  Reaper  
  19  1:29  Orbital Command  
  20  1:42  Command Center  
  20  1:47  Supply Depot  
  20  1:55  SCV  
  21  2:01  Marine  
  21  2:07  SCV  
  23  2:11  Factory  
  23  2:18  Refinery  
  23  2:19  SCV  
  24  2:24  Barracks Reactor  
  24  2:40  SCV  
  25  2:52  SCV  
  25  2:58  Starport  
  26  3:00  Orbital Command  
  26  3:04  SCV  
  27  3:07  Hellion  
  27  3:08  Hellion  
  27  3:09  Barracks Tech Lab  
  31  3:13  Engineering Bay  
  31  3:20  SCV  
  31  3:21  Liberator  
  32  3:28  SCV  
  32  3:30  Hellion x2  
  32  3:33  SCV  
  37  3:40  SCV  
  41  3:46  Stimpack  
  40  3:54  SCV x2, Supply Depot  
  40  3:55  Supply Depot  
  42  4:01  Hellion  
  42  4:02  Hellion  
  46  4:15  Marine  
  46  4:16  SCV x2  
  49  4:27  Supply Depot  
  49  4:30  Supply Depot  
  49  4:33  Marine  
  49  4:36  SCV x2  
  52  4:43  Starport Reactor  
  52  4:48  SCV x2  
  52  4:49  Barracks  
  52  4:51  Marine, Barracks  
  52  4:52  Factory Reactor  
  55  5:00  SCV x2  
  55  5:04  Command Center  
  57  5:07  Supply Depot  
  57  5:12  SCV x2  
  55  5:33  Marine  
  55  5:34  Medivac  
  55  5:35  Medivac  
  55  5:36  Hellion x2  
  55  5:42  Marine x2  
  51  5:43  Marine  
  48  5:51  Marine  
  42  5:59  Marine x2  
  42  6:01  Marine  
  42  6:04  SCV x2, Hellion x2  
  45  6:05  Medivac x2  
  45  6:06  Combat Shield  
  45  6:09  Marine  
  51  6:16  SCV x2  
  53  6:27  Supply Depot  
  53  6:28  Marine x2, SCV x2  
  57  6:35  Factory Tech Lab  
  57  6:36  Marine x3  
  59  6:40  SCV  
  59  6:41  SCV  
  59  6:46  Marine x2  
  61  6:53  SCV x2  
  60  6:56  Supply Depot  
  60  6:58  Supply Depot  
  59  7:03  Marine, Armory  
  59  7:05  SCV  
  59  7:06  SCV  
  52  7:11  Marine  
  52  7:12  Marine x3  
  48  7:17  SCV  
Show
View Real Time Build Order
Export as new Build Order

Rocck Zerg - Winner!

Build Orders: Hatch First 

Get SALT Encoding   

  12  0:01  Drone  
  13  0:12  Overlord  
  13  0:17  Drone  
  14  0:31  Drone x2  
  14  0:35  Drone  
  17  0:51  Hatchery  
  17  0:55  Drone  
  17  0:58  Drone  
  18  1:09  Extractor  
  17  1:13  Spawning Pool  
  17  1:15  Drone  
  17  1:19  Drone  
  18  1:28  Drone  
  19  1:39  Drone  
  20  1:49  Overlord  
  20  2:01  Queen  
  20  2:03  Zergling x2  
  20  2:04  Zergling x2  
  20  2:06  Queen  
  26  2:14  Metabolic Boost, Drone x2  
  28  2:23  Drone  
  28  2:25  Drone  
  30  2:39  Drone  
  30  2:47  Queen, Drone x3  
  35  2:55  Overlord  
  35  3:13  Overlord  
  35  3:27  Drone x2  
  35  3:28  Drone x4  
  41  3:34  Drone  
  41  3:35  Queen  
  44  3:43  Drone  
  44  3:44  Lair  
  45  3:52  Overlord x2  
  45  3:55  Extractor  
  44  3:57  Roach Warren, Extractor  
  44  3:59  Spore Crawler  
  44  4:00  Spore Crawler  
  44  4:01  Drone  
  41  4:04  Zergling x2, Hatchery  
  41  4:14  Zergling x6  
  41  4:15  Zergling x2  
  45  4:22  Zergling x8  
  48  4:25  Zergling x2  
  49  4:32  Zergling x2  
  49  4:37  Zergling x8  
  54  4:46  Drone x2  
  56  4:53  Overseer  
  56  4:56  Drone x2  
  56  4:57  Glial Reconstitution  
  58  5:12  Roach x2  
  62  5:17  Roach x2  
  58  5:26  Roach x3  
  54  5:34  Roach x2  
  54  5:35  Roach x3  
  58  5:53  Drone x2  
  58  5:54  Drone  
  53  6:09  Drone  
  54  6:16  Drone  
  54  6:22  Drone  
  54  6:23  Drone  
  56  6:26  Ravager x2  
  58  6:44  Roach  
  58  6:45  Roach x3  
  66  6:52  Overlord x2  
  64  7:05  Roach x3  
  64  7:06  Roach  
  64  7:10  Roach  
Tags
 
Add a new tag
Caveats
  • Supply blocks, unpowered buildings, or Contaminate may cause inaccurate times.
  • Supply counts are checked every 10 seconds.